 Dungeon Crawl Stone Soup version 0.29.0-15-g675c0067aa (webtiles) character file.

Game seed: 8314190514856322276

4368 qw the Cleaver (level 10, -2/87 (88) HPs)
             Began as a Minotaur Berserker on Sept 12, 2022.
             Was an Elder of Trog.
             Slain by Psyche
             ... wielding a +2 dagger of chaos
              (5 damage)
             ... on level 9 of the Dungeon.
             The game lasted 00:02:36 (9130 turns).

qw the Cleaver (Minotaur Berserker)                 Turns: 9130, Time: 00:02:36

HP:   -2/87 (88)    AC: 13    Str: 25    XL:     10   Next: 13%
MP:   9/9           EV:  9    Int:  4    God:    Trog [****..]
Gold: 480           SH:  0    Dex: 11    Spells: 9/9 levels left

rFire   . . .      SeeInvis .   Y - +0 broad axe (spect)
rCold   . . .      Faith    .   (no shield)
rNeg    . . .      Spirit   .   d - +0 chain mail
rPois   .          Reflect  .   (helmet restricted)
rElec   .          Harm     .   (no cloak)
rCorr   .          Rampage  .   b - +0 pair of gloves
Will    +....                   k - +1 pair of boots
Stlth   ..........              (no amulet)
HPRegen 0.24/turn               h - ring of willpower
MPRegen 0.11/turn               (no ring)

@: on berserk cooldown, slowed, lightly drained, very slow
A: horns 2, retaliatory headbutt
a: Renounce Religion, Berserk, Trog's Hand, Brothers in Arms


You were on level 9 of the Dungeon.
You worshipped Trog.
Trog was greatly pleased with you.
You visited 1 branch of the dungeon, and saw 9 of its levels.

You collected 480 gold pieces.


Innate Abilities, Weirdness & Mutations

You have a pair of horns on your head.
You reflexively headbutt those who attack you in melee.


   Skills:
 - Level 8.1 Fighting
 + Level 14.6 Axes
 - Level 2.3 Throwing
 - Level 6.0 Armour
 - Level 3.4 Dodging


You had 9 spell levels left.
You didn't know any spells.
Your spell library was empty.

Inventory:

Hand Weapons
 f - a +0 flail
 Y - a +0 spectral broad axe (weapon)
Armour
 b - a +0 pair of gloves (worn)
 d - a +0 chain mail (worn)
 k - a +1 pair of boots (worn)
 o - a +0 plate armour
Jewellery
 h - a ring of willpower (left hand)
 p - a ring of ice
Scrolls
 a - 2 scrolls of teleportation
 e - 3 scrolls of identify
 n - a scroll of amnesia {unknown}
Potions
 c - 3 potions of heal wounds
 g - 2 potions of might
 i - 3 potions of resistance
 j - a potion of mutation
 l - 4 potions of curing
 m - a potion of cancellation
 q - 3 potions of haste

Dungeon Overview and Level Annotations

Branches:
Dungeon (9/15)             Temple (0/1) D:7
   Lair: D:8-11         Orc: D:9-12

Altars:
Sif Muna
Xom

Annotations:
D:4 1 runed translucent door, Crazy Yiuf
D:9 Psyche


Message History

An arc of chaos appears from out of thin air!
The arc of chaos hits you.
The arc of chaos grounds out.
You closely miss something.
You feel very sick. Something hits you. Something freezes you.
Something hits you but does no damage.
You completely miss something.
You feel sick. Something hits you but does no damage.
You are more poisoned.
You hear some strange, mumbled words.
A swirling arc of seething chaos appears!
An arc of chaos appears from out of thin air!
The arc of chaos hits you but does no damage.
You barely miss something. Your headbutt misses something.
You feel very sick. Something completely misses you.
You miss something. You headbutt something!
You feel very sick.
Something hits you but does no damage. x2
You hit something.
You feel very sick. Something hits you.
You feel drained. Something hits you. Something freezes you.
9127 ||| DRINKING 5 potions of curing.
You feel better.
9127 ||| (to cure poison)
Something hits you. Something hits you but does no damage.
You hit something.
You hear some strange, mumbled words.
A swirling arc of seething chaos appears!
An arc of chaos appears from out of thin air!
The arc of chaos hits you.
You closely miss something. You headbutt something!
You hear some strange, mumbled words.
Something tries to affect you, but you resist.
You hear some strange, mumbled words.
A swirling arc of seething chaos appears!
An arc of chaos appears from out of thin air!
The arc of chaos hits you.
You barely miss something. Something hits you.
You die...

...# ..# ... ..#
#.# #.# #{#
#@########
#.........
#.......# #.#
#.).....# #.#
#.......# #.#
...#####.......#
#.#
........%......#
#.#
...#####.......#
#.# #.......#
#.#


There were no monsters in sight!

Vanquished Creatures
  A deep elf pyromancer (D:7)
  Maggie (D:8)
  A troll (D:9)
  A hornet (D:7)
  A wyvern (D:6)
  A steam dragon (D:8)
  A water moccasin (D:9)
  3 sky beasts (D:7)
  2 black bears
  2 ogres (D:6)
  3 centaurs
  A phantom (D:5)
  A bullfrog (D:7)
  A necrophage (D:6)
  3 scorpions
  2 gnoll sergeants
  7 killer bees (D:8)
  A vampire bat (D:3)
  6 howler monkeys
  2 jellies
  3 orc priests
  4 hounds
  3 gnoll boudas
  An iguana (D:6)
  3 orc wizards (D:8)
  9 adders
  19 gnolls
  A river rat (D:5)
  3 shadow imps
  A white imp (D:5)
  4 ufetubi
  2 worms
  2 dart slugs (D:3)
  3 fire bats (D:3)
  18 orcs
  2 spectral bats (D:3)
  12 ball pythons
  12 bats
  3 bat skeletons (D:3)
  A bat zombie (D:3)
  10 endoplasms
  4 giant cockroaches
  12 goblins
  8 hobgoblins
  4 jackals
  2 quokkas
  A bat simulacrum (D:3)
  7 frilled lizards
  2 kobolds
  10 rats
207 creatures vanquished.

Vanquished Creatures (others)
  3 plants (D:4)
3 creatures vanquished.

Grand Total: 210 creatures vanquished

Notes
Turn   | Place    | Note
-------+----------+-------------------------------------------
     0 | D:1      | qw the Minotaur Berserker began the quest for the Orb.
     0 | D:1      | Reached XP level 1. HP: 19/19 MP: 0/0
     0 | D:1      | 0 ||| qw: Version: 0.1-a-119-g272c26d
     0 | D:1      | 0 ||| qw: Game counter: 10765
     0 | D:1      | 0 ||| qw: Always use a shield: true
     0 | D:1      | 0 ||| qw: Do Orc after D:15 true
     0 | D:1      | 0 ||| qw: Do second Lair branch before Depths: true
     0 | D:1      | 0 ||| qw: Lair rune preference: random
     0 | D:1      | 0 ||| qw: Plans: Normal
     0 | D:1      | 0 ||| PLANNING D:1-11
    50 | D:1      | 50 ||| Stepping ~*~*~tactically~*~*~ (stealth).
    56 | D:1      | Reached skill level 4 in Axes
   220 | D:1      | Reached XP level 2. HP: 26/26 MP: 1/1
   316 | D:1      | 316 ||| Stepping ~*~*~tactically~*~*~ (stealth).
   333 | D:1      | 333 ||| Stepping ~*~*~tactically~*~*~ (stealth).
   649 | D:1      | Reached skill level 5 in Axes
   721 | D:1      | Found a faded altar of an unknown god.
  1015 | D:1      | Reached XP level 3. HP: 31/31 MP: 2/2
  1022 | D:1      | 1022 ||| UPGRADING to +0 scale mail.
  1032 | D:1      | 1032 ||| DROPPING +0 animal skin.
  1033 | D:1      | 1033 ||| UPGRADING to +1 pair of boots.
  1038 | D:1      | 1038 ||| READING scroll labelled EDDAUCHIZIS.
  1041 | D:1      | 1041 ||| READING 4 scrolls labelled XICRIPOISEQ.
  1042 | D:1      | 1042 ||| READING scroll labelled OHETWY DUURIS.
  1043 | D:1      | 1043 ||| READING scroll labelled QESSIO MUANWATH.
  1044 | D:1      | 1044 ||| READING scroll labelled DYHEUR SIERHEC.
  1044 | D:1      | Identified a scroll of acquirement
  1044 | D:1      | 1044 ||| ACQUIRING +0 broad axe of electrocution
  1044 | D:1      | Acquired a +0 broad axe of electrocution
  1046 | D:1      | 1046 ||| SWAPPING to +0 broad axe of electrocution.
  1047 | D:1      | 1047 ||| DROPPING +0 hand axe.
  1048 | D:1      | 1048 ||| READING 3 scrolls of identify.
  1048 | D:1      | 1048 ||| IDENTIFYING glowing grey potion
  1049 | D:1      | 1049 ||| READING 2 scrolls of identify.
  1049 | D:1      | 1049 ||| IDENTIFYING glowing silvery potion
  1700 | D:2      | Reached skill level 6 in Axes
  1700 | D:2      | Reached XP level 4. HP: 39/39 MP: 3/3
  1839 | D:2      | Reached ** piety under Trog
  1897 | D:2      | Identified the +0 ring mail of Saejewk {Contam rN+ Dex+5}
  2028 | D:2      | 2028 ||| UPGRADING to +0 ring mail of Saejewk {Contam rN+
                  | Dex+5}.
  2038 | D:2      | 2038 ||| DROPPING +0 scale mail.
  2039 | D:2      | 2039 ||| READING scroll labelled AREOGI REOGER.
  2040 | D:2      | 2040 ||| READING scroll labelled LEYCIE XO JUO.
  2041 | D:2      | 2041 ||| READING scroll labelled MEITAO DEGRIEWUONK.
  2042 | D:2      | 2042 ||| READING 3 scrolls of identify.
  2042 | D:2      | 2042 ||| IDENTIFYING viscous yellow potion
  2043 | D:2      | 2043 ||| Stepping randomly (stuck).
  2195 | D:3      | 2195 ||| Stepping ~*~*~tactically~*~*~ (stealth).
  2241 | D:3      | 2241 ||| Stepping ~*~*~tactically~*~*~ (hiding).
  2309 | D:3      | 2309 ||| Stepping ~*~*~tactically~*~*~ (hiding).
  2578 | D:3      | Reached XP level 5. HP: 44/45 MP: 4/4
  2581 | D:3      | Reached skill level 7 in Axes
  2765 | D:3      | 2765 ||| UPGRADING to ring of willpower.
  2766 | D:3      | 2766 ||| READING scroll labelled ZAQYOHOITIQ.
  2767 | D:3      | 2767 ||| READING scroll labelled GIDDYULYKO.
  2768 | D:3      | 2768 ||| READING scroll labelled UXTAXZ QISI.
  2769 | D:3      | 2769 ||| READING 2 scrolls of identify.
  2769 | D:3      | 2769 ||| IDENTIFYING coppery potion
  2795 | D:4      | 2795 ||| STAIRDANCE
  2800 | D:4      | 2800 ||| STAIRDANCE
  2825 | D:4      | 2825 ||| Stepping ~*~*~tactically~*~*~ (stealth).
  2826 | D:4      | 2826 ||| INVOKING Berserk.
  2829 | D:4      | Reached XP level 6. HP: 53/53 MP: 5/5
  2977 | D:4      | 2977 ||| DROPPING +0 whip.
  2995 | D:4      | 2995 ||| Stepping ~*~*~tactically~*~*~ (stealth).
  2997 | D:4      | 2997 ||| Stepping ~*~*~tactically~*~*~ (hiding).
  3000 | D:4      | 3000 ||| INVOKING Berserk.
  3003 | D:4      | Reached skill level 1 in Throwing
  3007 | D:4      | 3007 ||| FLEEEEING.
  3008 | D:4      | 3008 ||| FLEEEEING.
  3019 | D:4      | 3019 ||| FLEEEEING.
  3020 | D:4      | 3020 ||| STAIRDANCE
  3209 | D:4      | Reached *** piety under Trog
  3227 | D:4      | Found a runed translucent door.
  3228 | D:4      | Noticed Crazy Yiuf
  3254 | D:4      | 3254 ||| Stepping ~*~*~tactically~*~*~ (stealth).
  3333 | D:4      | Reached skill level 8 in Axes
  3840 | D:4      | 3840 ||| UPGRADING to +0 chain mail.
  3850 | D:4      | 3850 ||| DROPPING +0 ring mail of Saejewk {Contam rN+
                  | Dex+5}.
  3851 | D:4      | 3851 ||| DROPPING +0 leather armour of fire resistance.
  3852 | D:4      | 3852 ||| DRINKING 3 sedimented puce potions.
  3875 | D:4      | 3875 ||| DROPPING 2 potions of lignification.
  3912 | D:5      | Entered Level 5 of the Dungeon
  3913 | D:5      | 3913 ||| PLANNING SEWER
  3914 | D:5      | 3914 ||| STAIRDANCE
  4167 | D:5      | 4167 ||| INVOKING Berserk.
  4174 | D:5      | 4174 ||| STAIRDANCE
  4361 | D:5      | Reached skill level 9 in Axes
  4365 | D:5      | Reached XP level 7. HP: 60/60 MP: 6/6
  4373 | D:5      | Reached skill level 3 in Armour
  4510 | D:5      | Found a shimmering blue altar of Sif Muna.
  4527 | D:5      | 4527 ||| RIP SEWER
  4529 | D:5      | 4529 ||| PLANNING D:1-11
  4533 | D:5      | 4533 ||| Stepping ~*~*~tactically~*~*~ (stealth).
  4534 | D:5      | 4534 ||| Stepping ~*~*~tactically~*~*~ (stealth).
  4539 | D:5      | 4539 ||| Stepping ~*~*~tactically~*~*~ (stealth).
  4542 | D:5      | 4542 ||| Stepping ~*~*~tactically~*~*~ (stealth).
  4579 | D:5      | 4579 ||| Stepping ~*~*~tactically~*~*~ (stealth).
  4580 | D:5      | 4580 ||| Stepping ~*~*~tactically~*~*~ (stealth).
  4594 | D:5      | 4594 ||| INVOKING Berserk.
  4661 | D:5      | 4661 ||| Stepping ~*~*~tactically~*~*~ (stealth).
  4662 | D:5      | 4662 ||| Stepping ~*~*~tactically~*~*~ (stealth).
  4663 | D:5      | 4663 ||| Stepping ~*~*~tactically~*~*~ (stealth).
  4850 | D:5      | 4850 ||| Stepping ~*~*~tactically~*~*~ (hiding).
  4853 | D:5      | Reached skill level 10 in Axes
  4853 | D:5      | 4853 ||| INVOKING Berserk.
  5189 | D:5      | 5189 ||| DROPPING amulet of faith.
  5190 | D:5      | 5190 ||| READING 2 scrolls of identify.
  5190 | D:5      | 5190 ||| IDENTIFYING lumpy golden potion
  5249 | D:6      | Reached skill level 6 in Fighting
  5326 | D:6      | 5326 ||| INVOKING Berserk.
  5328 | D:6      | Reached XP level 8. HP: 70/70 MP: 7/7
  5682 | D:6      | 5682 ||| INVOKING Berserk.
  5685 | D:6      | Reached skill level 11 in Axes
  6013 | D:6      | 6013 ||| Stepping ~*~*~tactically~*~*~ (hiding).
  6138 | D:6      | 6138 ||| Stepping ~*~*~tactically~*~*~ (stealth).
  6139 | D:6      | 6139 ||| Stepping ~*~*~tactically~*~*~ (stealth).
  6262 | D:6      | 6262 ||| READING 2 scrolls of identify.
  6262 | D:6      | 6262 ||| IDENTIFYING fuming golden potion
  6297 | D:7      | 6297 ||| STAIRDANCE
  6359 | D:7      | 6359 ||| STAIRDANCE
  6363 | D:6      | 6363 ||| INVOKING Berserk.
  6557 | D:7      | 6557 ||| STAIRDANCE
  6589 | D:7      | 6589 ||| STAIRDANCE
  6646 | D:7      | Reached skill level 12 in Axes
  6727 | D:7      | 6727 ||| Stepping ~*~*~tactically~*~*~ (stealth).
  6790 | D:7      | Noticed a hornet
  6795 | D:7      | Paralysed by a hornet for 2 turns
  6799 | D:7      | Killed a hornet
  7039 | D:7      | Found a staircase to the Ecumenical Temple.
  7094 | D:7      | Reached XP level 9. HP: 52/80 MP: 8/8
  7221 | D:7      | Found a shimmering altar of Xom.
  7236 | D:7      | 7236 ||| Stepping ~*~*~tactically~*~*~ (hiding).
  7239 | D:7      | 7239 ||| INVOKING Berserk.
  7512 | D:7      | Reached **** piety under Trog
  7611 | D:7      | Noticed a deep elf pyromancer
  7615 | D:7      | Killed a deep elf pyromancer
  7616 | D:7      | Reached skill level 13 in Axes
  7724 | D:7      | 7724 ||| UPGRADING to +0 pair of gloves.
  7729 | D:7      | 7729 ||| READING 3 scrolls of identify.
  7729 | D:7      | 7729 ||| IDENTIFYING fuming inky potion
  7730 | D:7      | 7730 ||| READING 2 scrolls of identify.
  7730 | D:7      | 7730 ||| IDENTIFYING cyan potion
  7731 | D:7      | 7731 ||| DROPPING potion of flight.
  7732 | D:7      | 7732 ||| DROPPING potion of attraction.
  7733 | D:7      | 7733 ||| DROPPING potion of degeneration.
  7768 | D:8      | Noticed Maggie
  7775 | D:8      | Killed Maggie
  7966 | D:8      | 7966 ||| INVOKING Berserk.
  8219 | D:8      | 8219 ||| Stepping ~*~*~tactically~*~*~ (stealth).
  8231 | D:8      | 8231 ||| INVOKING Berserk.
  8235 | D:8      | Reached skill level 3 in Dodging
  8350 | D:8      | 8350 ||| INVOKING Berserk.
  8549 | D:8      | 8549 ||| Stepping ~*~*~tactically~*~*~ (stealth).
  8561 | D:8      | 8561 ||| Stepping ~*~*~tactically~*~*~ (stealth).
  8566 | D:8      | Reached skill level 14 in Axes
  8582 | D:8      | 8582 ||| FLEEEEING.
  8885 | D:8      | 8885 ||| DROPPING ring of flight.
  8886 | D:8      | 8886 ||| DRINKING 2 brown potions.
  8887 | D:8      | 8887 ||| READING 5 scrolls of identify.
  8887 | D:8      | 8887 ||| IDENTIFYING blue potion
  8888 | D:8      | 8888 ||| READING 4 scrolls of identify.
  8888 | D:8      | 8888 ||| IDENTIFYING inky potion
  8889 | D:8      | 8889 ||| DROPPING potion of berserk rage.
  8890 | D:8      | 8890 ||| DROPPING potion of brilliance.
  8940 | D:9      | 8940 ||| Stepping ~*~*~tactically~*~*~ (hiding).
  8942 | D:9      | 8942 ||| INVOKING Berserk.
  8944 | D:9      | Reached skill level 6 in Armour
  9094 | D:9      | Reached XP level 10. HP: 88/88 MP: 9/9
  9100 | D:9      | 9100 ||| INVOKING Berserk.
  9101 | D:9      | Noticed Psyche
  9122 | D:9      | HP: 22/88 [something (4)]
  9126 | D:9      | HP: 9/88 [poisoned by Psyche]
  9126 | D:9      | HP: 4/87 [something (4)]
  9127 | D:9      | 9127 ||| DRINKING 5 potions of curing.
  9127 | D:9      | 9127 ||| (to cure poison)
  9130 | D:9      | Slain by Psyche

Levels and vault maps discovered:
D:1:      dpeg_arrival_radiant, layout_basic,
          shapermc_ecumenical_altar_mp_highgroup
D:2:      layout_loops_cross
D:3:      layout_rooms, goddamned_bats
D:4:      layout_basic, chequers_big_river, st_stairs_10,
          uniq_crazy_yiuf_cottage
D:5:      layout_loops_ring, mainiacjoe_overflow_boulevard,
          portal_sewer_entry_c, grunt_ministairs_10
D:6:      layout_basic
D:7:      layout_loops_ring, mainiacjoe_overflow_24_doors,
          minmay_temple_entry_statues_pillars, serial_glass, glass_columns_c,
          glass_columns_a, enter_bailey_7, guppyfry_early_elven_hall
D:8:      layout_loops_cross, uniq_maggie
D:9:      layout_small_grid, gammafunk_ghost_nasty_kobolds, uniq_psyche

Skill      XL: |  1  2  3  4  5  6  7  8  9 |
---------------+----------------------------+-----
Axes           | 4 5 6 7 9 10 12 14 | 14.6
Fighting       | 4 6 7 8 |  8.1
Throwing       | 1 2 |  2.3
Armour         | 3 4 6 |  6.0
Dodging        | 3 |  3.4

Action                   |  1- 3 |  4- 6 |  7- 9 | 10-12 || total
-------------------------+-------+-------+-------+-------++-------
Melee: Hand axe          |    48 |       |       |       ||    48
       Headbutt          |    11 |    14 |    28 |     5 ||    58
       Broad axe         |    29 |   127 |   149 |    23 ||   328
       Punch             |       |     1 |     1 |       ||     2
Throw: Boomerang         |       |    25 |    33 |       ||    58
Invok: Berserk           |       |     3 |    10 |     1 ||    14
  Use: Scroll            |     7 |     8 |     6 |       ||    21
       Potion            |       |     1 |     1 |     1 ||     3
 Stab: Distracted        |       |       |     3 |       ||     3
Armor: Animal skin       |     4 |       |       |       ||     4
       Scale mail        |    14 |    11 |       |       ||    25
       Ring mail         |       |    51 |       |       ||    51
       Chain mail        |       |     6 |    49 |    18 ||    73
Dodge: Dodged            |    36 |    98 |    42 |     6 ||   182

Table legend:
 A = Non-vault XP
 B = Vault XP
 C = Vault XP percentage of total XP
 D = Non-vault monster count
 E = Vault monster count
 F = Vault count percentage of total count
                 A         B        C        D         E       F
            +---------+---------+-------+---------+---------+-------
      Total |    4859 |    1381 |  22.1 |     169 |      38 |  18.4
            +---------+---------+-------+---------+---------+-------
        D:1 |      42 |       0 |   0.0 |      24 |       0 |   0.0
        D:2 |      82 |       0 |   0.0 |      15 |       0 |   0.0
        D:3 |      53 |     177 |  77.0 |      21 |      20 |  48.8
        D:4 |      95 |     130 |  57.8 |      21 |       4 |  16.0
        D:5 |     592 |      65 |   9.9 |      21 |       8 |  27.6
        D:6 |     915 |       0 |   0.0 |      18 |       0 |   0.0
        D:7 |    1121 |     605 |  35.1 |      18 |       5 |  21.7
        D:8 |     994 |     404 |  28.9 |      20 |       1 |   4.8
        D:9 |     965 |       0 |   0.0 |      11 |       0 |   0.0
            +---------+---------+-------+---------+---------+-------
